 Dungeon Crawl Stone Soup version 0.29.1-14-g9c671dbff4 (webtiles) character file.

Game seed: 12704467737904782470

44359 sanboga the Severer (level 13, 0/187 HPs)
             Began as a Minotaur Berserker on Feb 12, 2023.
             Was a High Priest of Trog.
             Slain by a tengu warrior
             ... wielding a +0 glaive
             ... summoned by an orange crystal statue
              (2 damage)
             ... on level 15 of the Dungeon.
             The game lasted 00:20:30 (18232 turns).

sanboga the Severer (Minotaur Berserker)           Turns: 18232, Time: 00:20:31

Health: 0/187      AC: 30    Str: 26    XL:     13   Next: 95%
Magic:  0/21       EV:  5    Int: -11 (4) God:    Trog [*****.]
Gold:   749        SH:  0    Dex: 11    Spells: 12/12 levels left

rFire   + . .      SeeInvis .   a - +3 broad axe (vorpal)
rCold   + . .      Faith    .   f - +2 kite shield "Ecean" {rPois rN++ MP+9}
rNeg    + + .      Spirit   .   l - +7 gold dragon scales
rPois   +          Reflect  +   (helmet restricted)
rElec   .          Harm     .   n - +0 cloak
rCorr   +          Rampage  .   (no gloves)
Will    +....                   p - +1 pair of boots
Stlth   ..........              b - amulet of reflection
HPRegen 0.41/turn               d - ring of resist corrosion
MPRegen 0.17/turn               h - ring "Fypryw" {Will+ Slay+4}

@: confused, berserking, hasted and slowed, lost intelligence, unable to read
A: horns 2, retaliatory headbutt
a: Renounce Religion, Berserk, Trog's Hand, Brothers in Arms


You were on level 15 of the Dungeon.
You worshipped Trog.
Trog was extremely pleased with you.
You visited 1 branch of the dungeon, and saw 15 of its levels.
You also visited: Bailey.

You collected 1071 gold pieces.
You spent 322 gold pieces at shops.

Inventory:

Hand Weapons
 a - a +3 vorpal broad axe (weapon)
Armour
 f - the +2 kite shield "Ecean" (worn) {rPois rN++ MP+9}
   (You found it in a bailey)

   rPois:     It protects you from poison.
   rN:        It greatly protects you from negative energy.
   MP:        It affects your magic capacity (+9).
 l - +7 gold dragon scales (worn)
 n - a +0 cloak (worn)
 p - a +1 pair of boots (worn)
 s - the +10 tower shield of Ignorance {rN+ Int-4}
   (You found it on level 15 of the Dungeon)

   Int:       It affects your intelligence (-4).
   rN:        It protects you from negative energy.
Jewellery
 b - an amulet of reflection (around neck)
 d - a ring of resist corrosion (left hand)
 h - the ring "Fypryw" (right hand) {Will+ Slay+4}
   (You acquired it on level 5 of the Dungeon)

   [ring of slaying]

   Slay:      It affects your accuracy & damage with ranged weapons and melee
   (+4).
   Will:      It increases your willpower.
Wands
 k - a wand of polymorph (8)
 m - a wand of roots (6)
 u - a wand of paralysis (13)
 w - a wand of mindburst (7)
 x - a wand of quicksilver (10)
Scrolls
 e - 2 scrolls of teleportation
 q - 2 scrolls of summoning
 v - a scroll of blinking
Potions
 c - 2 potions of resistance {unknown}
 g - 2 potions of curing
 i - a potion of ambrosia {unknown}
 j - 7 potions of flight
 o - a potion of cancellation
 r - 2 potions of invisibility
 t - a potion of might
 z - 2 potions of haste
 A - 3 potions of berserk rage
 B - a potion of mutation {unknown}


   Skills:
 + Level 14.3 Fighting
 - Level 18.0 Axes
 + Level 14.0 Armour
 - Level 2.1 Dodging
 + Level 12.4 Shields


You had 12 spell levels left.
You didn't know any spells.
Your spell library was empty.

Dungeon Overview and Level Annotations

Branches:
Dungeon (15/15)            Temple (0/1) D:7            Lair (0/5) D:10
    Orc (0/2) D:9          Vaults (0/5) D:13         Depths (0/4) D:15
 Bailey (visited)

Altars:
Cheibriados
Dithmenos
Elyvilon
Hepliaklqana
Kikubaaqudgha
Makhleb
Nemelex Xobeh
Okawaru
Qazlal
Ru
Trog
Xom
Yredelemnul
Zin

Shops:
D:1 (   D:4 *   D:5 [   D:10 !   D:11 (

Annotations:
D:15 1 runed translucent door, exclusion: 4 orange crystal statues


Innate Abilities, Weirdness & Mutations

You have a pair of horns on your head.
You reflexively headbutt those who attack you in melee.


Message History

You slice the enormous slime creature!! You slash the large slime creature!
The hornet changes into a queen bee!
The orange crystal statue fixes its piercing gaze on you.
You feel dopey. Something feeds on your intellect!
The orange crystal statue fixes its piercing gaze on you.
You feel your power leaking away.
The tengu warrior hits you but does no damage.
The tengu warrior pecks you.
* * * LOW HITPOINT WARNING * * *
The tengu warrior claws you but does no damage.
A very large slime creature splits.
The very large slime creature barely misses you.
The boulder beetle leaps!
The large slime creature barely misses you.
You are too injured to fight recklessly!
You slice the enormous slime creature like a ripe choko!!!
The enormous slime creature is severely wounded.
You slash the very large slime creature!
You slash the slime creature! You barely miss the tengu warrior.
You barely miss the queen bee.
You barely miss the large slime creature.
You slash the large slime creature!
The orange crystal statue fixes its piercing gaze on you.
You feel dopey. Something feeds on your intellect!
Two slime creatures merge to form an enormous slime creature.
You slice the enormous slime creature!!
The enormous slime creature is severely wounded.
You slash the enormous slime creature! You hit the very large slime creature.
You slash the slime creature!
You kill the slime creature!
The slime creature dissolves into shadows!
You barely miss the tengu warrior. You slash the queen bee!
You feel the power of Trog in you as your rage grows.
You kill the queen bee!
The queen bee's corpse dissolves into shadows!
You barely miss the large slime creature.
The tengu warrior hits you with a +0 glaive.
You die...

...#.<######..................###
.........................####.+..
...##.######.#....###....#♣.#...#
..###.# #...........##...#8}'...#
......# #.#########.###..#♣.#..##
###.### #.#8..B..8#.# ##.#######
#.# #.#.#...#.#.# ##+# #.#
#.#...°J..#.## #.# #.#
#.+..ypJ@J'..####.####### #.#
###.#.C.lJQ.#.............#
###.###...#Z#.ey#.#.###.........#
.....##.#.#8...y.8#..##.........#
####......#########..##.........#
####.#.......................#
#.....)...####.............
########### ####.........#
#.........#


You could see a death knight (summoned), a boulder beetle (summoned), 4 orange
crystal statues, 2 enormous slime creatures, a very large slime creature
(summoned), a large slime creature (summoned), a tengu warrior (summoned), a
cyclops (summoned), a deep elf pyromancer (summoned), a basilisk (summoned), 3
meliai and a wolf spider simulacrum (summoned).

Vanquished Creatures
  The ghost of Faitwer the Martial Artist, a journeyman OpTm of Makhleb (D:15)
  A very ugly thing (D:15)
  3 hydras
  4 vault guards
  2 boulder beetles
  Erolcha (D:9)
  A rakshasa (D:15)
  4 two-headed ogres
  A death knight (D:14)
  3 centaur warriors
  3 tengu warriors
  6 skeletal warriors
  A glowing orange brain (D:15)
  An orb spider (shapeshifter) (D:15)
  Pikel (D:4)
  A deep elf pyromancer (D:13)
  4 ugly things
  4 orc knights
  A manticore (shapeshifter) (D:15)
  5 cyclopes
  7 manticores
  A gargoyle (D:14)
  3 komodo dragons
  The ghost of croobank the Covert, a novice OpDe (D:4)
  2 tengu conjurers (D:15)
  An efreet (D:13)
  3 unseen horrors
  A kobold demonologist (D:14)
  2 freezing wraiths
  3 trolls
  3 meliai (D:13)
  A hornet (D:10)
  4 slime creatures (D:15)
  A shadow (D:9)
  A wyvern (D:9)
  20 yaks
  A vampire (D:12)
  A basilisk (D:15)
  4 wraiths
  4 vampire mosquitoes
  2 acid dragons (D:11)
  2 water moccasins
  10 orc warriors
  2 sky beasts
  An ice beast (D:6)
  5 centaurs
  3 phantoms
  4 lemures (D:4)
  A kobold brigand (D:7)
  6 bullfrogs
  2 gnoll sergeants
  A necrophage (D:6)
  3 scorpions
  A scorpion (shapeshifter) (D:12)
  A troll zombie (D:9)
  5 wights (D:7)
  17 killer bees
  9 electric eels (D:10)
  3 howler monkeys
  4 crimson imps (D:12)
  11 orc priests
  2 gnoll boudas
  A hound (D:5)
  5 iguanas
  4 jellies
  Crazy Yiuf (D:2)
  Ijyb (D:2)
  11 orc wizards
  7 ogre zombies (D:9)
  A mummy (D:6)
  Robin (D:2)
  22 gnolls
  5 adders
  2 shadow imps
  2 white imps (D:6)
  2 ufetubi
  4 worms
  5 dart slugs
  59 orcs
  7 endoplasms
  5 giant cockroaches
  4 hobgoblins
  14 jackals
  9 quokkas
  7 ball pythons
  7 bats
  8 frilled lizards
  23 goblins
  4 goblin zombies (D:9)
  A hobgoblin skeleton (D:9)
  3 hobgoblin zombies
  21 kobolds
  2 kobold zombies (D:6)
  An orc skeleton (D:9)
  18 orc zombies
  4 rats
478 creatures vanquished.

Vanquished Creatures (others)
  A kobold brigand (D:7)
  13 plants
14 creatures vanquished.

Grand Total: 492 creatures vanquished

Notes
Turn   | Place    | Note
-------+----------+-------------------------------------------
     0 | D:1      | sanboga the Minotaur Berserker began the quest for the Orb.
     0 | D:1      | Reached XP level 1. HP: 19/19 MP: 0/0
   228 | D:1      | Reached skill level 4 in Axes
   229 | D:1      | Reached XP level 2. HP: 17/27 MP: 1/1
   238 | D:1      | Found Qann's Antique Weapon Shop.
   606 | D:1      | Reached ** piety under Trog
   624 | D:1      | Found a faded altar of an unknown god.
   628 | D:1      | Reached XP level 3. HP: 25/33 MP: 2/2
  1431 | D:2      | Reached skill level 5 in Axes
  1431 | D:2      | Reached XP level 4. HP: 40/40 MP: 3/3
  1685 | D:2      | Noticed Robin
  1697 | D:2      | Killed Robin
  1889 | D:2      | Noticed Ijyb
  1897 | D:2      | Reached XP level 5. HP: 46/46 MP: 4/4
  1900 | D:2      | Killed Ijyb
  1952 | D:2      | Found a runed translucent door.
  1953 | D:2      | Noticed Crazy Yiuf
  2269 | D:2      | Killed Crazy Yiuf
  2382 | D:3      | Reached skill level 6 in Axes
  2492 | D:3      | Identified the +1 robe of the Sacrificial Victim {rN+
                  | Str+8}
  2594 | D:3      | Reached *** piety under Trog
  2793 | D:3      | Reached skill level 5 in Fighting
  2975 | D:3      | Found a snail-covered altar of Cheibriados.
  3047 | D:3      | Found a stormy altar of Qazlal.
  3213 | D:4      | Reached XP level 6. HP: 24/56 MP: 5/5
  3582 | D:4      | Found a white marble altar of Elyvilon.
  3663 | D:4      | Found a runed translucent door.
  3765 | D:4      | Found a burning altar of Makhleb.
  3768 | D:4      | Found a basalt altar of Yredelemnul.
  3811 | D:4      | Found Coeh's Elemental Accessories.
  3815 | D:4      | Noticed Pikel
  3836 | D:4      | Killed Pikel
  3837 | D:4      | Reached skill level 8 in Axes
  3837 | D:4      | Reached skill level 5 in Armour
  3837 | D:4      | Reached XP level 7. HP: 41/63 MP: 6/6
  4066 | D:4      | Found a hazy altar of Hepliaklqana.
  4147 | D:4      | Noticed croobank's ghost (novice OpDe)
  4182 | D:4      | Killed croobank's ghost
  4183 | D:4      | Reached skill level 9 in Axes
  4183 | D:4      | Reached XP level 8. HP: 71/71 MP: 7/7
  4270 | D:5      | Entered Level 5 of the Dungeon
  4392 | D:5      | Reached skill level 10 in Axes
  4905 | D:5      | Found an iron altar of Okawaru.
  4929 | D:5      | Reached **** piety under Trog
  4930 | D:5      | Reached skill level 1 in Shields
  5111 | D:5      | Found Giumoil's Antique Armour Emporium.
  5115 | D:5      | Bought a pair of boots for 126 gold pieces
  5267 | D:5      | Identified a scroll of acquirement
  5267 | D:5      | Acquired the ring "Fypryw" {Will+ Slay+4}
  5909 | D:6      | Reached XP level 9. HP: 74/81 MP: 8/8
  5967 | D:6      | Found a glowing silver altar of Zin.
  6408 | D:7      | Reached skill level 11 in Axes
  6806 | D:7      | Found a staircase to the Ecumenical Temple.
  7119 | D:7      | Found a bloodstained altar of Trog.
  7127 | D:7      | Found a sacrificial altar of Ru.
  7404 | D:8      | Reached ***** piety under Trog
  7422 | D:8      | Found a flagged portal.
  7424 | D:7      | HP: 3/82 [poisoned by a killer bee]
  7749 | Bailey   | Entered a bailey
  7990 | Bailey   | Noticed an orc knight
  8020 | Bailey   | Reached skill level 12 in Axes
  8116 | Bailey   | Killed an orc knight
  8117 | Bailey   | Reached XP level 10. HP: 55/91 MP: 9/9
  8360 | Bailey   | Reached skill level 5 in Shields
  8460 | Bailey   | Noticed an orc knight
  8471 | Bailey   | Killed an orc knight
  8507 | Bailey   | Identified the +2 kite shield "Ecean" {rPois rN++ MP+9}
  8769 | D:8      | Noticed a six-headed hydra
  8783 | D:8      | Killed a 14-headed hydra
  8784 | D:8      | Reached skill level 13 in Axes
  9150 | D:8      | Found a sparkling altar of Nemelex Xobeh.
  9352 | D:9      | Noticed a two-headed ogre
  9364 | D:9      | Reached skill level 10 in Fighting
  9366 | D:9      | Killed a two-headed ogre
  9479 | D:9      | You fall into a shaft and drop 2 floors!
  9509 | D:10     | Entered Level 10 of the Dungeon
  9521 | D:10     | Noticed a two-headed ogre
  9529 | D:10     | Killed a two-headed ogre
  9530 | D:10     | Reached XP level 11. HP: 101/101 MP: 10/10
  9619 | D:9      | Reached skill level 10 in Armour
  9754 | D:9      | Reached skill level 14 in Axes
  9764 | D:9      | Found a staircase to the Orcish Mines.
 10208 | D:9      | Noticed Erolcha
 10227 | D:9      | Killed Erolcha
 10775 | D:9      | Found an ancient bone altar of Kikubaaqudgha.
 11759 | D:10     | Reached skill level 15 in Axes
 11764 | D:10     | Received a gift from Trog
 11823 | D:10     | Found Durygink's Distillery.
 11828 | D:10     | Bought a potion of haste for 140 gold pieces
 11828 | D:10     | Bought a potion of brilliance for 56 gold pieces
 12382 | D:10     | Found a staircase to the Lair.
 13216 | D:11     | Reached XP level 12. HP: 103/110 MP: 11/11
 13223 | D:11     | Noticed a two-headed ogre
 13232 | D:11     | Killed a two-headed ogre
 13280 | D:11     | Found a shadowy altar of Dithmenos.
 13438 | D:11     | Found Essinana's Weapon Emporium.
 13492 | D:12     | Noticed a five-headed hydra
 13498 | D:12     | Killed an eight-headed hydra
 13586 | D:12     | Found a shimmering altar of Xom.
 13668 | D:12     | Noticed a boulder beetle
 13685 | D:12     | Killed a boulder beetle
 13841 | D:12     | Reached skill level 16 in Axes
 14733 | D:13     | Found a gate to the Vaults.
 14733 | D:13     | Noticed a tengu warrior
 14733 | D:13     | Noticed a vault guard
 14733 | D:13     | Noticed a vault guard
 14733 | D:13     | Noticed a vault guard
 14733 | D:13     | Noticed a vault guard
 14754 | D:12     | Killed a vault guard
 14811 | D:12     | Killed a vault guard
 14850 | D:13     | Killed a vault guard
 14861 | D:13     | Killed a tengu warrior
 14862 | D:13     | Reached skill level 10 in Shields
 14866 | D:13     | Killed a vault guard
 14875 | D:13     | Reached skill level 17 in Axes
 14960 | D:13     | Noticed a two-headed ogre
 14971 | D:13     | Killed a two-headed ogre
 14971 | D:13     | Received a gift from Trog
 15488 | D:13     | Reached XP level 13. HP: 119/119 MP: 12/12
 16372 | D:14     | Reached skill level 18 in Axes
 16765 | D:15     | Entered Level 15 of the Dungeon
 17037 | D:15     | Noticed a green very ugly thing
 17044 | D:15     | Killed a green very ugly thing
 17276 | D:15     | Found a staircase to the Depths.
 17335 | D:15     | Found a runed translucent door.
 17335 | D:15     | Noticed Faitwer's ghost (journeyman OpTm)
 17375 | D:15     | Killed Faitwer's ghost
 17426 | D:15     | Found a runed translucent door.
 17430 | D:15     | Found the +10 tower shield of Ignorance {rN+ Int-4}
 17874 | D:15     | Found a runed translucent door.
 18221 | D:15     | Lost intelligence.
 18229 | D:15     | HP: 4/187 [very large slime creature[an orange crystal
                  | statue] (39)]
 18230 | D:15     | HP: 1/187 [tengu warrior/+0 glaive[an orange crystal
                  | statue] (3)]
 18232 | D:15     | Slain by a tengu warrior

Illustrated notes

Levels and vault maps discovered:
D:1:      beargit_arrival_greenhouse, layout_basic,
          dilly_ecumenical_altar_fadedgnrine, serial_shops,
          nicolae_shop_statue_plus
D:2:      kennysheep_the_goblin_king, layout_basic, kennysheep_generic_room_9,
          uniq_crazy_yiuf_cottage, uniq_robin
D:3:      layout_basic, grunt_qazlal_clouds, lemuel_doored_altar, minmay_vboxes
D:4:      layout_cave_pools, nzn_hepliaklqana_mist_gate, kennysheep_little_box,
          nicolae_overflow_squiral, ebering_ghost_inner_flame,
          nicolae_elemental_shop, uniq_pikel
D:5:      layout_loops_ring, overflow_temple_1_default, serial_shops, shop,
          minivault_11
D:6:      layout_loops_ring, mainiacjoe_overflow_small_starburst,
          abandoned_shop, minmay_mini_ossuary
D:7:      layout_loops_corners, mainiacjoe_overflow_catwalk_spiral,
          minmay_temple_entry_grid
D:8:      layout_rooms, nemelex_altar_shiori, enter_bailey_6,
          minmay_fractal_squares_5
D:9:      gammafunk_indiana_jones, layout_layer_cave,
          mainiacjoe_overflow_alcove_1, zombieorc2_lemuel,
          minmay_misc_feat_square, chequers_mini_garden, st_stairs_14,
          uniq_erolcha
D:10:     layout_basic, david_lair_shrubbed, serial_shops, shop_statue
D:11:     layout_basic, serial_shops, kennysheep_mini_moat,
          grunt_dithmenos_smoke
D:12:     layout_cave_pods, led_xom_imps
D:13:     layout_cave_pools, lightli_vaults_fourway_checkpoint
D:14:     layout_roguey, minivault_4
D:15:     gammafunk_enter_depths_forms, layout_loops_corners,
          minmay_misc_feat_room, gammafunk_ghost_grave, grunt_ministairs_2,
          chequers_guarded_unrand_ignorance

Skill      XL: |  1  2  3  4  5  6  7  8  9 10 11 12 13 |
---------------+----------------------------------------+-----
Axes           | 4 5 6 8 9 10 12 13 15 17 18 | 18.0
Fighting       | 4 5 6 7 9 10 11 12 14 | 14.3
Armour         | 3 4 5 6 7 8 9 11 12 14 | 14.0
Shields        | 1 4 7 8 10 12 | 12.4
Dodging        | |  2.1

Action                   |  1- 3 |  4- 6 |  7- 9 | 10-12 | 13-15 || total
-------------------------+-------+-------+-------+-------+-------++-------
Melee: Hand axe          |   106 |   190 |   353 |   523 |       ||  1172
       Headbutt          |     7 |    29 |    48 |   124 |    47 ||   255
       Punch             |       |     2 |       |       |       ||     2
       War axe           |       |       |       |    39 |       ||    39
       Broad axe         |       |       |       |     6 |   193 ||   199
Invok: Berserk           |     1 |     3 |     4 |    17 |     3 ||    28
Evoke: Wand              |       |       |       |     4 |       ||     4
  Use: Scroll            |       |       |    16 |     8 |     4 ||    28
       Potion            |       |       |     1 |     2 |     5 ||     8
 Stab: Invisible         |       |       |       |     3 |       ||     3
Armor: Animal skin       |    14 |       |       |       |       ||    14
       Chain mail        |    12 |   100 |    22 |       |       ||   134
       Plate armour      |       |       |    96 |       |       ||    96
       Crystal plate arm |       |       |     4 |     3 |       ||     7
       Gold dragon scale |       |       |       |   355 |   128 ||   483
Dodge: Dodged            |    65 |    72 |    62 |    71 |    28 ||   298
Block: Other             |       |    37 |    10 |       |       ||    47
       Buckler           |       |       |   107 |     1 |       ||   108
       Reflection        |       |       |     2 |    18 |     1 ||    21
       Kite shield       |       |       |       |   446 |   143 ||   589
